 Dungeon Crawl Stone Soup version 0.31.0-11-ge490571c62 (webtiles) character file.

Game seed: 625573460386083523

2186 PriceMaster the Cleaver (level 9, 0/79 HPs)
             Began as a Minotaur Berserker on Feb 8, 2024.
             Was a Priest of Trog.
             Slain by a vampire (10 damage)
             ... on level 7 of the Dungeon.
             The game lasted 00:09:42 (6942 turns).

PriceMaster the Cleaver (Minotaur Berserker)        Turns: 6942, Time: 00:09:43

Health: 0/79       AC: 11    Str: 23 (26) XL:     9   Next: 11%
Magic:  7/7        EV:  9    Int:  1 (4)  God:    Trog [***...]
Gold:   1327       SH:  0    Dex:  7 (10) Spells: 8/8 levels left

rFire   . . .        d - +2 battleaxe
rCold   . . .        (shield currently unavailable)
rNeg    . . .        k - +1 chain mail
rPois   .            (helmet restricted)
rElec   .            (no cloak)
rCorr   .            (no gloves)
SInv    .            (no boots)
Will    ++...        (no amulet) Stlth
                     (no ring)
HPRegen 0.33/turn    (no ring)
MPRegen 0.10/turn

%: no passive effects
@: mighty, enlightened, flying
A: horns 2, retaliatory headbutt, low MP 1, strong-willed 1, screaming 1
a: Renounce Religion, Berserk, Trog's Hand


You were on level 7 of the Dungeon.
You worshipped Trog.
Trog was most pleased with you.
You visited 1 branch of the dungeon, and saw 7 of its levels.
You also visited: Sewer.

You collected 1327 gold pieces.

Inventory:

Hand Weapons
 a - a +2 dagger of distortion
 d - a +2 battleaxe (weapon)
 t - a +0 dagger
 u - a +0 whip
Armour
 b - a +0 animal skin
 g - a +0 leather armour
 k - a +1 chain mail (worn)
 o - a +0 buckler
Wands
 n - a wand of digging (11)
 r - a wand of charming (2)
 s - a wand of quicksilver (6)
Scrolls
 h - a scroll of summoning {unknown}
 x - a scroll of teleportation {unknown}
 y - a scroll of acquirement
Potions
 e - 4 potions of enlightenment
 f - a potion of mutation
 i - a potion of degeneration
 j - a potion of curing {unknown}
 l - 2 potions of heal wounds {unknown}
 m - 2 potions of brilliance {unknown}
 p - a potion of ambrosia {unknown}
 q - a potion of invisibility {unknown}
 v - a potion of cancellation {unknown}
 w - a potion of haste {unknown}


   Skills:
 + Level 7.0 Fighting
 + Level 11.7 Axes
 + Level 6.1 Armour
 + Level 3.7 Dodging
 + Level 1.2 Stealth


You had 8 spell levels left.
You didn't know any spells.
Your spell library contained the following spells:

 Spells                   Type           Power      Damage    Failure   Level
 Sandblast                Erth           0%         2d4       98%         1
 Lesser Beckoning         Tloc           0%         N/A       99%         2
 Gell's Gravitas          Tloc           0%         N/A       100%        3
 Passwall                 Erth           0%         N/A       100%        3
 Stone Arrow              Conj/Erth      0%         3d7       100%        3
 Teleport Other           Tloc           0%         N/A       100%        3
 Brom's Barrelling Bould  Conj/Erth      0%         2d3       100%        4


Dungeon Overview and Level Annotations

Branches:
Dungeon (7/15)             Temple (0/1) D:6           Sewer (visited)

Altars:
Hepliaklqana
Kikubaaqudgha
Okawaru
Uskayaw
Vehumet

Shops:
D:2 (


Innate Abilities, Weirdness & Mutations

You have a pair of horns on your head.
You reflexively headbutt those who attack you in melee.
Your magical capacity is low. (-10% MP)
You are strong-willed. (Will+)
You occasionally shout uncontrollably at your foes.


Message History

No target in view!
No target in view!
No target in view!
Found a book of Spectacle.
A centaur comes into view.
The centaur shouts!
The centaur wields a +0 orcbow.
The centaur shoots an arrow.
The arrow barely misses you.
A centaur is nearby!
The centaur shoots an arrow.
The arrow hits you!
A vampire comes into view.
The centaur shoots an arrow.
The arrow hits you!
The centaur shoots an arrow.
The arrow hits you!
Found 5 stones.
The vampire gestures at you while chanting.
You are confused.
Okay, then.
You are too confused!
You feel very buoyant.
You fly up into the air.
The centaur shoots an arrow.
The arrow hits you!
You are too confused!
The centaur shoots an arrow.
The arrow hits you!
* * * LOW HITPOINT WARNING * * *
It was a potion of might.
You feel very mighty all of a sudden.
The centaur shoots an arrow.
The arrow hits you!
* * * LOW HITPOINT WARNING * * *
The centaur shoots an arrow.
The arrow barely misses you.
It was a potion of mutation.
You feel extremely strange.
You feel less energetic.
You feel the urge to shout.
You feel strong-willed.
The centaur shoots an arrow.
The arrow barely misses you.
It was a potion of degeneration.
There was something very wrong with that liquid.
You feel weakened.
You feel dopey.
You feel clumsy.
You feel less confused.
The centaur unwields a +0 orcbow.
The centaur hits you but does no damage.
The centaur closely misses you. The vampire completely misses you.
The vampire bites you!
You die...

..... .... ♣...##+####
♣......:..# #♣.........#
♣♣..........##..........
............##..........
+....c@....##..........
#....V.....##..........
#..........##..........
#..........##.....[....
............##...)......
(...........##..........
........................
...###########..........
... #..#............


You could see a vampire and a centaur.

Vanquished Creatures
  Grinder (D:6)
  A water moccasin (D:6)
  An ice beast (D:6)
  A black bear (D:4)
  2 ogres
  2 phantoms
  2 brain worms (Sewer)
  2 kobold brigands
  3 scorpions (D:5)
  4 hounds
  A jelly (D:4)
  2 orc priests (D:5)
  2 sleepcaps
  6 iguanas
  6 orc wizards
  11 adders
  8 gnolls
  3 river rats (Sewer)
  2 white imps (D:6)
  4 dart slugs
  A ribbon worm (D:3)
  20 orcs
  20 ball pythons
  4 endoplasms
  5 giant cockroaches (D:6)
  7 goblins
  3 hobgoblins
  10 jackals
  14 kobolds
  2 quokkas
  6 bats
  4 frilled lizards
  9 rats
  A spectral goblin (D:3)
170 creatures vanquished.

Vanquished Creatures (others)
  An adder (D:5)
  A kobold (D:5)
2 creatures vanquished.

Grand Total: 172 creatures vanquished

Notes
Turn   | Place    | Note
-------+----------+-------------------------------------------
     0 | D:1      | PriceMaster the Minotaur Berserker began the quest for the
                  | Orb.
     0 | D:1      | Reached XP level 1. HP: 19/19 MP: 0/0
    76 | D:1      | Reached XP level 2. HP: 27/27 MP: 1/1
    88 | D:1      | Reached skill level 4 in Axes
   423 | D:1      | Reached XP level 3. HP: 33/33 MP: 2/2
   767 | D:1      | Reached ** piety under Trog
  1521 | D:2      | Found Hurush's Weapon Boutique.
  1670 | D:2      | Found a hide-covered altar of Uskayaw.
  1882 | D:2      | Reached XP level 4. HP: 41/41 MP: 3/3
  2366 | D:3      | Reached skill level 5 in Axes
  2732 | D:3      | Found a hazy altar of Hepliaklqana.
  2756 | D:3      | Noticed an ogre
  2760 | D:3      | Killed an ogre
  2761 | D:3      | Reached skill level 6 in Axes
  2761 | D:3      | Reached XP level 5. HP: 47/47 MP: 4/4
  3001 | D:4      | Reached skill level 5 in Fighting
  3009 | D:4      | Reached XP level 6. HP: 56/56 MP: 5/5
  3240 | D:4      | Reached skill level 7 in Axes
  3268 | D:4      | Identified a scroll of acquirement
  3268 | D:4      | Acquired 1052 gold pieces
  3353 | D:4      | Reached XP level 7. HP: 37/61 MP: 6/6
  3462 | D:4      | Reached skill level 8 in Axes
  3718 | D:4      | Found a radiant altar of Vehumet.
  3910 | D:5      | Entered Level 5 of the Dungeon
  3941 | D:5      | Reached skill level 1 in Stealth
  4182 | D:5      | Reached skill level 9 in Axes
  5013 | D:5      | Reached XP level 8. HP: 70/70 MP: 7/7
  5242 | D:5      | Reached skill level 10 in Axes
  5499 | D:6      | Noticed Grinder
  5505 | D:6      | Killed Grinder
  5506 | D:6      | Reached skill level 5 in Armour
  5635 | D:6      | Found an iron altar of Okawaru.
  5669 | D:6      | Found a glowing drain.
  5710 | Sewer    | Entered a sewer
  5802 | Sewer    | Reached skill level 11 in Axes
  6020 | Sewer    | Reached *** piety under Trog
  6481 | D:6      | Found a staircase to the Ecumenical Temple.
  6502 | D:6      | Reached XP level 9. HP: 69/78 MP: 8/8
  6747 | D:6      | Found an ancient bone altar of Kikubaaqudgha.
  6941 | D:7      | Gained mutation: Your magical capacity is low. (-10% MP)
                  | [potion of mutation]
  6941 | D:7      | Gained mutation: You occasionally shout uncontrollably at
                  | your foes. [potion of mutation]
  6941 | D:7      | Gained mutation: You are strong-willed. (Will+) [potion of
                  | mutation]
  6942 | D:7      | Slain by a vampire

Illustrated notes

Levels and vault maps discovered:
D:1:      moated_graveyard_arrival, layout_basic, minmay_misc_feat_encased
D:2:      layout_basic, basic_altar, serial_forest,
          infiniplex_forest_clump_medium, infiniplex_forest_straight_3,
          infiniplex_forest_end_double, infiniplex_forest_clump_tiny,
          infiniplex_forest_clump_small, infiniplex_forest_zigzag_2,
          infiniplex_forest_zigzag_2, infiniplex_forest_lined_2, serial_shops,
          nicolae_shop_peninsula
D:3:      layout_basic, nicolae_hepliaklqana_monster_ancestors
D:4:      layout_basic, nicolae_vehumet_altar_sigil, minmay_misc_feat_hallway,
          minmay_checkerbox
D:5:      layout_gridville
D:6:      layout_basic, lemuel_round_altar, lemuel_doored_altar,
          lemuel_coloured_pillars_altar, marbit_many_paths,
          minmay_temple_entry_arrows, gup_sewer_entry_glass,
          palyth_stone_intersect, interstate_on_off, uniq_grinder,
          uniq_crazy_yiuf_cottage
D:7:      layout_basic, minmay_stone_trees_small

Skill      XL: |  1  2  3  4  5  6  7  8  9 |
---------------+----------------------------+-----
Fighting       | 4 5 6 7 |  7.0
Axes           | 4 6 7 9 11 | 11.7
Armour         | 3 4 6 |  6.1
Dodging        | 3 |  3.7
Stealth        | 1 |  1.2

Action                     |  1- 3 |  4- 6 |  7- 9 || total
---------------------------+-------+-------+-------++-------
  Melee: Battleaxe         |    70 |    56 |   186 ||   312
         Hand axe          |     1 |       |       ||     1
         Headbutt          |    15 |     5 |    27 ||    47
 Invoke: Berserk           |     1 |     4 |     6 ||    11
         Trog's Hand       |       |     2 |     7 ||     9
    Use: Scroll            |       |     7 |       ||     7
         Potion            |       |       |     4 ||     4
   Stab: Sleeping          |     1 |       |       ||     1
 Armour: Animal skin       |    38 |       |       ||    38
         Chain mail        |     6 |    58 |   172 ||   236
         Leather armour    |     3 |       |       ||     3
  Dodge: Dodged            |    63 |    34 |    88 ||   185
